 Dungeon Crawl Stone Soup version 0.25-a0-782-g655279ceaa (webtiles) character file.

Game seed: 4606869733097163978, levelgen mode: deterministic

114 Hasart the Chiller (level 4, 0/24 HPs)
             Began as a Deep Elf Ice Elementalist on Apr 16, 2020.
             Slain by Natasha (4 damage)
             ... on level 2 of the Dungeon.
             The game lasted 00:04:30 (1895 turns).

Hasart the Chiller (Deep Elf Ice Elementalist)      Turns: 1895, Time: 00:04:30

Health: 0/24       AC:  2    Str:  5    XL:     4   Next: 67%
Magic:  10/12      EV: 14    Int: 21    God:
Gold:   140        SH:  0    Dex: 15    Spells: 7/11 levels left

rFire    . . .     SeeInvis .   e - +1 dagger (pain)
rCold    . . .     Gourm    .   (no shield)
rNeg     . . .     Faith    .   a - +0 robe
rPois    .         Spirit   .   (no helmet)
rElec    .         Reflect  .   (no cloak)
rCorr    .         Harm     .   (no gloves)
MR       .....                  (no boots)
Stlth    ++........             (no amulet)
HPRegen  0.08/turn              (no ring)
MPRegen  0.13/turn              (no ring)

@: slowed, very slow
A: no striking features
a: no special abilities


You were on level 2 of the Dungeon.
You were not hungry.

You visited 1 branch of the dungeon, and saw 2 of its levels.

You collected 140 gold pieces.

Inventory:

Hand Weapons
 e - a +1 dagger of pain (weapon)
Armour
 a - a +0 robe (worn)
Scrolls
 b - a scroll of amnesia {unknown}
 d - a scroll of enchant weapon {unknown}
 g - 2 scrolls of identify {unknown}
 h - a scroll of blinking {unknown}
 j - a scroll of remove curse {unknown}
Potions
 f - 3 potions of degeneration {unknown}
 i - a potion of lignification {unknown}
 l - a potion of magic {unknown}
Comestibles
 c - 3 rations
 k - 5 chunks of flesh


   Skills:
 + Level 3.6 Dodging
 - Level 2.4 Stealth
 + Level 4.1 Spellcasting
 * Level 5.7 Ice Magic


You had 7 spell levels left.
You knew the following spells:

 Your Spells              Type           Power        Failure   Level  Hunger
a - Freeze                Ice            ####         1%          1    None
b - Frozen Ramparts       Ice            ####..       3%          3    ###....

Your spell library contained the following spells:

 Spells                   Type           Power        Failure   Level  Hunger
 Ozocubu's Armour         Chrm/Ice       ###.....     11%         3    ###....
 Hailstorm                Conj/Ice       ###.....     36%         4    ####...
 Summon Ice Beast         Ice/Summ       ###.....     36%         4    ####...


Dungeon Overview and Level Annotations

Branches:
Dungeon (2/15)

Altars:

Annotations:
D:2 Natasha


Message History

Aiming: Freeze (safe; 1% risk of failure)
Press: ? - help, Shift-Dir - straight line, f - leopard gecko
Aim: a leopard gecko You freeze the leopard gecko!
You kill the leopard gecko!
The goblin misses you. The ball python barely misses you. x2
Casting: Freeze (safe; 1% risk of failure)
Confirm with . or Enter, or press ? or * to list all spells.
Aiming: Freeze (safe; 1% risk of failure)
Press: ? - help, Shift-Dir - straight line, f - dart slug
Aim: a dart slug You freeze the dart slug.
The dart slug is severely wounded.
The ball python barely misses you. The ball python grabs you.
The ball python constricts you. Natasha claws you!
The dart slug bites you but does no damage.
The goblin hits you.
* * * LOW HITPOINT WARNING * * *
You escape the ball python's grasp.
Natasha claws you.
You die...

#............#
#.####.####..#
#.#.#...#$#..#
#.##.....##..#
#.#..⌠[⌠..#..#
#......%?....#
#.#..wgS.5#..######
#.##.g(h.##........#
#.#$#.@.#$#.###.....###
#!####.####.##.......##
###...........##.......##
#.##..%.########.......##
#..#....### ##........
#.>#......######......)##
#.......#......#.......#.
#.......######.........)(
#.......#######......<...


You could see Natasha, a white imp, a dart slug, a hobgoblin, a goblin and a
ball python.

Vanquished Creatures
  Robin (D:2)
  2 adders (D:2)
  An ooze (D:1)
  2 worms (D:2)
  4 dart slugs
  4 leopard geckos
  A ball python (D:2)
  9 bats
  2 giant cockroaches
  9 hobgoblins
  6 kobolds
  5 frilled lizards
  15 goblins
  3 rats
64 creatures vanquished.

Notes
Turn   | Place    | Note
-------+----------+-------------------------------------------
     0 | D:1      | Hasart the Deep Elf Ice Elementalist began the quest for
                  | the Orb.
     0 | D:1      | Reached XP level 1. HP: 10/10 MP: 6/6
    54 | D:1      | Reached XP level 2. HP: 12/15 MP: 0/8
   322 | D:1      | Reached skill level 5 in Ice Magic
   327 | D:1      | Reached XP level 3. HP: 19/19 MP: 1/10
   981 | D:2      | Learned a level 3 spell: Frozen Ramparts
  1006 | D:2      | Noticed Robin
  1021 | D:2      | Killed Robin
  1292 | D:2      | Reached XP level 4. HP: 14/24 MP: 4/11
  1889 | D:2      | Noticed Natasha
  1895 | D:2      | Slain by Natasha

Levels and vault maps discovered:
D:1:      saegor_arrival_simple_d, layout_basic
D:2:      layout_rooms, minmay_nonomino_d4, uniq_robin, uniq_natasha

Skill      XL: |  1  2  3  4 |
---------------+-------------+-----
Ice Magic      | 5 |  5.7
Dodging        | 3 |  3.6
Spellcasting   | 4 |  4.1
Stealth        | |  2.4

Action                   |  1- 3 |  4- 6 || total
-------------------------+-------+-------++-------
Melee: Unarmed           |     2 |       ||     2
       Dagger            |    11 |     2 ||    13
 Cast: Freeze            |    48 |    33 ||    81
       Frozen Ramparts   |     1 |       ||     1
  Eat: Chunk             |     1 |     2 ||     3
Armor: Robe              |     8 |     8 ||    16
Dodge: Dodged            |    19 |    24 ||    43

Table legend:
 A = Non-vault XP
 B = Vault XP
 C = Vault XP percentage of total XP
 D = Non-vault monster count
 E = Vault monster count
 F = Vault count percentage of total count
                 A         B        C        D         E       F
            +---------+---------+-------+---------+---------+-------
      Total |     124 |      40 |  24.4 |      49 |      15 |  23.4
            +---------+---------+-------+---------+---------+-------
        D:1 |      51 |       0 |   0.0 |      25 |       0 |   0.0
        D:2 |      73 |      40 |  35.4 |      24 |      15 |  38.5
            +---------+---------+-------+---------+---------+-------
